[Event "African Individual Chess-ch Open 2024"]
[Site "Accra"]
[Date "2024.03.20"]
[Round "9.13"]
[White "Fomevor, Cephas Clinton"]
[Black "Rongwane, Gomolemo"]
[Result "1-0"]
[ECO "E11"]
[WhiteElo "1887"]
[BlackElo "2021"]
[Annotator "RC"]
[PlyCount "147"]
[EventDate "2024.03.13"]
[EventCountry "GHA"]
[SourceTitle "playchess.com"]
[Source "ChessBase"]
[SourceQuality "1"]
[TimeControl "5400+30"]

1. d4 Nf6 2. c4 e6 3. Nf3 Bb4+ 4. Bd2 a5 5. a3 Be7 6. Nc3 d5 7. Bg5 O-O 8. e3 h6 9. Bh4 Nbd7 10. Be2 c6 11. O-O Ne8 12. Bg3 f5 13. Ne5 Nxe5 14. Bxe5 Nd6 15. cxd5 exd5 16. Rc1 Nf7 17. f4 b5 18. Nb1 Bd7 19. Nd2 a4 20. g4 Qb6 21. gxf5 Bxf5 22. Bg4 Nd6 23. Bxd6 Bxd6 24. Bxf5 Rxf5 25. Qc2 Raf8 26. Qxc6 Qa5 27. Nb1 R8f6 28. Nc3 b4 29. axb4 Bxb4 30. Qe8+ Kh7 31. Rc2 a3 32. Na2 Rg6+ 33. Kh1 Rf8 34. Qd7 Bd6 35. bxa3 Qxa3 36. Nc3 Qb3 37. Rfc1 Bxf4 38. exf4 Rxf4 39. Qh3 Rfg4 40. Qd3 Qb7 41. Ne2 Qf7 42. Ng3 Qf4 43. Nf5 Qg5 44. Ng3 h5 45. Rc6 h4 46. Qxg6+ Qxg6 47. Rxg6 Kxg6 48. Ne2 Kf5 49. Rg1 Re4 50. Rg2 g5 51. Kg1 Re3 52. Kf2 Rh3 53. Ng1 Rd3 54. Nf3 g4 55. Rxg4 Kxg4 56. Ne5+ Kf4 57. Nxd3+ Ke4 58. Ne1 Kxd4 59. Nf3+ Ke4 60. Nxh4 Kf4 61. Nf3 Kg4 62. Kg2 Kf4 63. h3 Ke4 64. Kg3 Kf5 65. h4 Kg6 66. Kg4 Kh6 67. h5 Kg7 68. Kg5 Kh7 69. Nd4 Kg8 70. Kg6 Kh8 71. h6 Kg8 72. Nc6 Kh8 73. Ne5 d4 74. h7 1-0